 Dungeon Sprint DCSS version 0.21.0-37-g46506fa5f3 (webtiles) character file.

0 FessEmpty2 the Skirmisher (level 1, -3/18 HPs)
             Began as a Demonspawn Fighter on Jan 30, 2018.
             Was an Initiate of Wu Jian.
             Slain by a merfolk
             ... wielding a +4 trident
              (15 damage)
             ... in the Dungeon (Sprint V: "Ziggurat Sprint").
             The game lasted 00:01:23 (94 turns).

FessEmpty2 the Skirmisher (Demonspawn Fighter)        Turns: 94, Time: 00:01:23

Health: -3/18      AC: 16    Str: 22    XL:     1   Next: 0%
Magic:  1/1        EV:  7    Int:  9    God:    Wu Jian [......]
Gold:   0          SH:  8    Dex: 18    Spells: 0/0 levels left

rFire    . . .     SeeInvis .   P - +5 demon whip
rCold    . . .     Gourm    .   s - +3 buckler
rNeg     . . .     Faith    .   r - +5 storm dragon scales
rPois    .         Spirit   .   (no helmet)
rElec    +         Reflect  .   (no cloak)
rCorr    .         Harm     .   (no gloves)
MR       .....     NoTele   +   (no boots)
Stlth    ..........             (no amulet)
HPRegen  0.06/turn              I - +6 ring of dexterity
MPRegen  0.07/turn              N - +6 ring of strength

@: no status effects
A: no striking features
a: Renounce Religion


You were in the Dungeon.
You worshipped Wu Jian.
Wu Jian was noncommittal.
You were not hungry.

You visited 1 branch

Inventory:

Hand Weapons
 P - a +5 demon whip (weapon)
Armour
 l - a +5 crystal plate armour
 m - +5 fire dragon scales
 n - +5 gold dragon scales
 o - +5 ice dragon scales
 p - a +5 plate armour
 q - +5 shadow dragon scales
 r - +5 storm dragon scales (worn)
 s - a +3 buckler (worn)
 t - a +3 large shield
 u - a +3 shield
Jewellery
 I - a +6 ring of dexterity (left hand)
 J - a +6 ring of dexterity
 K - a +6 ring of intelligence
 L - a +6 ring of intelligence
 M - a +6 ring of strength
 N - a +6 ring of strength (right hand)
 O - an uncursed ring of flight
Wands
 F - a wand of disintegration (7)
 G - a wand of iceblast (7)
 H - a wand of acid (7)
Scrolls
 k - 4 scrolls of blinking
 y - 4 scrolls of amnesia
 B - 7 scrolls of fog
 C - 5 scrolls of identify
 D - 5 scrolls of remove curse
 E - 2 scrolls of fear
Potions
 d - 6 potions of might
 e - 10 potions of curing
 g - 10 potions of heal wounds
 h - 6 potions of haste
 i - 7 potions of magic
 j - 3 potions of berserk rage
 v - 2 potions of brilliance
 w - 2 potions of invisibility
 x - 4 potions of resistance
 z - a potion of experience
 A - 5 potions of agility
Comestibles
 f - 7 rations


   Skills:
 + Level 3.0 Fighting
 + Level 1.7 Maces & Flails
 + Level 2.6 Armour
 + Level 2.6 Shields


You couldn't memorise any spells.
You didn't know any spells.

Dungeon Overview and Level Annotations

Branches:
Dungeon (1/1)

Altars:
Ashenzari
Cheibriados
Dithmenos
Elyvilon
Fedhas
Gozag
Hepliaklqana
Kikubaaqudgha
Makhleb
Nemelex Xobeh
Okawaru
Qazlal
Ru
Sif Muna
Trog
Uskayaw
Vehumet
Wu Jian
Xom
Yredelemnul
Zin
The Shining One
Beogh
Jiyva
Lugonu

Annotations:
D 1 transporter


Message History

2 merfolk come into view.
The merfolk shouts!
Found an uncursed staff of conjuration and an uncursed staff of poison.
Found a transporter.
You lunge at the merfolk.
You hit the merfolk.
The merfolk is lightly wounded.
The merfolk hits you with an enchanted trident.
The merfolk barely misses you.
You thrash the merfolk!!
The merfolk is moderately wounded.
The merfolk hits you but does no damage. x2
You closely miss the merfolk.
The merfolk is moderately wounded.
The merfolk hits you with an enchanted trident.
The merfolk closely misses you.
You whack the merfolk!
The merfolk is heavily wounded.
The merfolk hits you with an enchanted trident!
Ouch! That really hurt!
You die...

▓▓▓▓▓▓▓
▓.8©8.▓
▓.....▓
▓.|.|.▓
▓.mm..▓
▓..@..▓
▓..©..▓
▓▓▓▓▓▓▓


You could see 2 merfolk.

Vanquished Creatures (others)
  A spatial maelstrom (D)
1 creature vanquished.

Notes
Turn   | Place    | Note
-------+----------+-------------------------------------------
     0 | D        | Found the +6 Majin-Bo {vamp, Archmagi MP+6 Int+6}
     0 | D        | Found the +7 great mace "Firestarter" {inner flame, rF++}
     0 | D        | FessEmpty2 the Demonspawn Fighter began the quest for the Orb.
     0 | D        | Reached XP level 1. HP: 18/18 MP: 1/1
     3 | D        | Found a blossoming altar of Fedhas.
     7 | D        | Found a deep blue altar of Sif Muna.
     7 | D        | Found a sacrificial altar of Ru.
     7 | D        | Found a bloodstained altar of Trog.
     7 | D        | Found a stormy altar of Qazlal.
     7 | D        | Found an iron altar of Okawaru.
     7 | D        | Found a sparkling altar of Nemelex Xobeh.
     9 | D        | Found a transporter.
     9 | D        | Found an ancient bone altar of Kikubaaqudgha.
     9 | D        | Found a viscous altar of Jiyva.
     9 | D        | Found a corrupted altar of Lugonu.
     9 | D        | Found a hazy altar of Hepliaklqana.
     9 | D        | Found a burning altar of Makhleb.
     9 | D        | Found an opulent altar of Gozag.
    37 | D        | Became a worshipper of the Wu Jian Council
    42 | D        | Banished a spatial maelstrom
    90 | D        | Entered arena 2.
    90 | D        | Noticed a merfolk
    90 | D        | Noticed a merfolk
    90 | D        | Found a transporter.
    94 | D        | Slain by a merfolk

Action                   || total
-------------------------++-------
Melee: Demon whip        ||     4
Invok: Lunge             ||     1
Armor: Storm dragon scal ||     2
Dodge: Dodged            ||     2
